 Dungeon Crawl Stone Soup version 0.31-a0-152-g6aa68a64a1 (webtiles) character file.

Game seed: 12663113923282437775

64258 qw the Marksminotaur (level 14, -5/132 HPs)
             Began as a Minotaur Hunter on June 9, 2023.
             Was a High Priest of Okawaru.
             Slain by a cyan ugly thing (14 damage)
             ... on level 13 of the Dungeon.
             The game lasted 00:08:10 (18229 turns).

qw the Marksminotaur (Minotaur Hunter)             Turns: 18229, Time: 00:08:11

Health: -5/132     AC: 12    Str: 20    XL:     14   Next: 71%
Magic:  18/20      EV: 25    Int:  8    God:    Okawaru [*****.]
Gold:   1649       SH:  0    Dex: 25    Spells: 13/13 levels left

rFire   + . .        Y - +4 longbow (elec)
rCold   + . .        (shield currently unavailable)
rNeg    . . .        i - +0 swamp dragon scales
rPois   +            (helmet restricted)
rElec   .            o - scarf of Giot {rC+ rF+, Str+4 Int+2}
rCorr   .            k - +0 pair of gloves
SInv    +            (no boots)
Will    +....        e - amulet of faith
Stlth   +++          n - +6 ring of dexterity
HPRegen 0.42/turn    t - ring of see invisible
MPRegen 0.17/turn

%: faith
@: about to teleport, heroic
A: horns 2, retaliatory headbutt
a: Renounce Religion, Heroism, Finesse, Duel


You were on level 13 of the Dungeon.
You worshipped Okawaru.
Okawaru was extremely pleased with you.
You visited 3 branches of the dungeon, and saw 20 of its levels.

You collected 1649 gold pieces.


Innate Abilities, Weirdness & Mutations

You have a pair of horns on your head.
You reflexively headbutt those who attack you in melee.


   Skills:
 - Level 14.0(19.0) Fighting
 - Level 20.0(25.0) Ranged Weapons
 - Level 8.2(13.2) Armour
 + Level 11.3(16.3) Dodging
 - Level 0.7(5.7) Stealth
 - Level 10.0 Invocations


You had 13 spell levels left.
You didn't know any spells.
Your spell library was empty.

Inventory:

Hand Weapons
 s - a +1 longbow of flaming
 Y - a +4 longbow of electrocution (weapon)
Armour
 i - +0 swamp dragon scales (worn)
 k - a +0 pair of gloves (worn)
 o - the scarf of Giot (worn) {rC+ rF+, Str+4 Int+2}
   (Okawaru gifted it to you on level 2 of the Lair of Beasts)

   Str:       It affects your strength (+4).
   Int:       It affects your intelligence (+2).
 q - a +1 leather armour of fire resistance
 r - a +0 troll leather armour
Jewellery
 a - a ring of poison resistance
 c - a ring of protection from fire
 e - an amulet of faith (around neck)
 n - a +6 ring of dexterity (left hand)
 p - a ring of protection from cold
 t - a ring of see invisible (right hand)
Scrolls
 b - 5 scrolls of teleportation
 m - 9 scrolls of identify
Potions
 d - 3 potions of cancellation
 g - 2 potions of heal wounds
 h - 3 potions of haste
 j - 2 potions of curing
 l - a potion of mutation

Dungeon Overview and Level Annotations

Branches:
Dungeon (14/15)            Temple (1/1) D:5            Lair (5/5) D:11
 Shoals (0/4) Lair:2        Snake (0/4) Lair:3        Slime (0/5) Lair:5
    Orc (0/2) D:9
 Vaults: D:13-14

Altars:
Ashenzari
Cheibriados
Dithmenos
Elyvilon
Fedhas
Gozag
Hepliaklqana
Kikubaaqudgha
Makhleb
Nemelex Xobeh
Okawaru
Qazlal
Ru
Sif Muna
Trog
Uskayaw
Vehumet
Wu Jian
Xom
Yredelemnul
Zin
The Shining One

Portals:
Trove: D:11 (lose all piety)

Annotations:
D:9 2 transporters, qw's ghost, novice MiHu
Lair:3 3 runed translucent doors, qw's ghost, journeyman MiHu


Message History

(P) Snake Pit (M) Slime Pits (O) Orcish Mines
Where to? (* - list waypoints, Enter - D:14, ? - help)
What level of the Dungeon? (default 1, ? - help)
You climb downwards.
A culicivora comes into view.
The black mamba changes into a culicivora!
The cyan ugly thing barely misses you.
The brown ugly thing closely misses you.
The cyan ugly thing headbutts you! The cyan ugly thing shocks you!
The cyan ugly thing closely misses you. The cyan ugly thing headbutts you!
The cyan ugly thing shocks you!
The brown ugly thing basks in the mutagenic energy from its kin and changes!
There is a stone staircase leading up, spattered with blood here.
18223 ||| STAIRDANCE The cyan ugly thing headbutts you but does no damage. x2
You climb upwards.
There is a stone staircase leading down, spattered with blood here.
18225 ||| INVOKING Heroism.
You gain the combat prowess of a mighty hero.
The cyan ugly thing misses you. You furiously retaliate!
You headbutt the cyan ugly thing!
The cyan ugly thing headbutts you but does no damage.
The cyan ugly thing completely misses you.
You shoot an arrow.
The arrow closely misses the cyan ugly thing.
The cyan ugly thing headbutts you. The cyan ugly thing shocks you!
The cyan ugly thing completely misses you.
You shoot an arrow. The arrow hits the cyan ugly thing!!
The cyan ugly thing is heavily wounded.
The cyan ugly thing claws you! The cyan ugly thing shocks you!
You shoot an arrow. The arrow hits the cyan ugly thing!!
The cyan ugly thing is almost dead.
The cyan ugly thing completely misses you.
The cyan ugly thing misses you. The cyan ugly thing claws you!
The cyan ugly thing shocks you!
18229 ||| READING 6 scrolls of teleportation.
As you read the scroll of teleportation, it crumbles to dust.
You feel strangely unstable. The cyan ugly thing headbutts you!
The cyan ugly thing shocks you!
You die...

#......<.....#..
#.........~P~7.#
#........~P~~~##
#.......)..~P7##
#.........#.....
#...........)#..
#####......#####....
#..u##[......# ##...
#..@...##.##.####...
#.uu#####.##.##.....
####......#.........#.. ###
#......##../........#..
#~77###.########..........#._
##7~~P....# #..#..........
#~~P~....## ####.<#..........
#~~~~....# #.....#.........#
#~P~~~...# #.##.##.......#.#


You could see 3 ugly things.

Vanquished Creatures
  Rupert (D:13)
  Nessos (D:13)
  2 hydras
  3 boulder beetles
  5 two-headed ogres
  2 centaur warriors (D:13)
  5 death yaks (Lair:5)
  Sonja (D:10)
  2 skysharks (Lair:5)
  A lindwurm (Lair:5)
  A deep elf pyromancer (D:13)
  4 ugly things
  3 manticores
  2 cyclopes (D:12)
  17 elephants
  2 torpor snails
  A gargoyle (D:11)
  3 black mambas
  11 cane toads
  An unseen horror (D:12)
  2 rime drakes
  5 komodo dragons
  Maggie (D:10)
  3 trolls
  5 polar bears
  A wind drake (Lair:2)
  6 hornets
  13 dream sheep
  7 blink frogs
  Grinder (D:3)
  5 wyverns
  52 yaks
  2 vampires (D:12)
  13 spriggans (Lair:5)
  5 basilisks
  A wraith (D:12)
  A water elemental (D:13)
  2 steam dragons
  4 nagas (Lair:3)
  An acid dragon (D:13)
  22 water moccasins
  6 black bears
  3 orc warriors
  A sky beast (D:7)
  7 ice beasts
  4 boggarts (Lair:5)
  41 wolves
  9 centaurs
  3 kobold brigands
  11 bullfrogs
  2 gnoll sergeants
  5 scorpions
  15 wights
  15 killer bees
  A troll skeleton (D:11)
  6 spriggan skeletons (D:11)
  4 electric eels
  6 orc priests
  7 jellies
  2 gnoll boudas
  5 hounds
  4 iguanas
  3 sleepcaps
  11 orc wizards
  Natasha (thrice) (D:3)
  21 gnolls
  9 adders
  3 shadow imps
  3 white imps (D:7)
  An ufetubus (D:4)
  36 orcs
  8 ball pythons
  5 bats
  7 endoplasms
  5 giant cockroaches
  5 goblins
  15 hobgoblins
  10 jackals
  21 kobolds
  3 quokkas (D:1)
  A frilled lizard (D:3)
  8 rats
555 creatures vanquished.

Notes
Turn   | Place    | Note
-------+----------+-------------------------------------------
     0 | D:1      | qw the Minotaur Hunter began the quest for the Orb.
     0 | D:1      | Reached XP level 1. HP: 18/18 MP: 0/0
     0 | D:1      | 0 ||| qw: Version: 0.2-a-122-gbc61b45
     0 | D:1      | 0 ||| qw: Game counter: 3343
     0 | D:1      | 0 ||| qw: Always use a shield: true
     0 | D:1      | 0 ||| qw: God list: Okawaru
     0 | D:1      | 0 ||| qw: Allow faded altars: false
     0 | D:1      | 0 ||| qw: Do Orc after D:15 true
     0 | D:1      | 0 ||| qw: Do second Lair branch before Depths: true
     0 | D:1      | 0 ||| qw: Lair rune preference: random
     0 | D:1      | 0 ||| qw: Plans: Normal
     0 | D:1      | 0 ||| PLANNING D:1-11
    30 | D:1      | 30 ||| UPGRADING to amulet of faith.
    35 | D:1      | 35 ||| READING scroll labelled OGOMMO HUMA.
   115 | D:1      | Reached XP level 2. HP: 25/25 MP: 1/1
   119 | D:1      | Reached skill level 5 in Ranged Weapons
   170 | D:1      | Reached skill level 3 in Fighting
   245 | D:1      | Reached XP level 3. HP: 26/31 MP: 2/2
   521 | D:1      | 521 ||| UPGRADING to +0 ring mail.
   531 | D:1      | 531 ||| DROPPING +0 leather armour.
   532 | D:1      | 532 ||| UPGRADING to ring of protection from fire.
   533 | D:1      | 533 ||| READING scroll labelled HILAXI NAHUE.
   534 | D:1      | 534 ||| READING scroll labelled YDEOCS ELARUAW.
   538 | D:1      | 538 ||| READING scroll labelled JOLICHE BIGOU.
   539 | D:1      | 539 ||| DRINKING 2 sedimented green potions.
   540 | D:1      | 540 ||| DROPPING potion of magic.
   541 | D:1      | 541 ||| DROPPING scroll of butterflies.
   723 | D:2      | Reached skill level 1 in Armour
   724 | D:2      | 724 ||| UPGRADING to ring of poison resistance.
   725 | D:2      | 725 ||| DROPPING ring of wizardry.
   726 | D:2      | 726 ||| READING scroll labelled HADAZUPPAC.
   736 | D:2      | 736 ||| STAIRDANCE
   912 | D:2      | 912 ||| STAIRDANCE
   920 | D:2      | 920 ||| FLEEEEING.
   921 | D:2      | 921 ||| FLEEEEING.
   922 | D:2      | 922 ||| STAIRDANCE
  1075 | D:3      | Noticed Natasha
  1082 | D:3      | Killed Natasha
  1083 | D:3      | Reached skill level 6 in Ranged Weapons
  1083 | D:3      | Reached XP level 4. HP: 30/38 MP: 3/3
  1087 | D:3      | Noticed Natasha
  1099 | D:3      | HP: 9/38 [Natasha (7)]
  1100 | D:3      | 1100 ||| READING scroll of teleportation.
  1102 | D:3      | HP: 4/38 [Natasha (3)]
  1508 | D:3      | Noticed Grinder
  1519 | D:3      | HP: 9/38 [Grinder (6)]
  1520 | D:3      | 1520 ||| READING scroll of teleportation.
  1521 | D:3      | Killed Grinder
  1522 | D:3      | Reached skill level 6 in Fighting
  1522 | D:3      | Reached XP level 5. HP: 13/50 MP: 4/4
  1522 | D:3      | Reached XP level 6. HP: 15/57 MP: 5/5
  1525 | D:3      | HP: 14/57 [adder (2)]
  1808 | D:3      | Found a snail-covered altar of Cheibriados.
  1841 | D:3      | Killed Natasha
  1891 | D:3      | Noticed Natasha
  1893 | D:3      | Killed Natasha
  2134 | D:3      | 2134 ||| UPGRADING to +0 pair of gloves.
  2139 | D:3      | 2139 ||| READING scroll labelled IRAB NUMNUCINUC.
  2231 | D:3      | 2231 ||| DRINKING 2 fuming blue potions.
  2232 | D:3      | 2232 ||| DRINKING 2 grey potions.
  2233 | D:3      | 2233 ||| DROPPING potion of brilliance.
  2299 | D:4      | HP: 10/57 [gnoll/+0 halberd[a gnoll bouda] (15)]
  2300 | D:4      | 2300 ||| READING scroll of teleportation.
  2300 | D:4      | HP: 2/57 [gnoll/+0 halberd[a gnoll bouda] (8)]
  2386 | D:4      | Reached skill level 7 in Ranged Weapons
  2521 | D:4      | 2521 ||| Stepping ~*~*~tactically~*~*~ (outnumbered).
  2522 | D:4      | 2522 ||| Stepping ~*~*~tactically~*~*~ (outnumbered).
  2524 | D:4      | 2524 ||| Stepping ~*~*~tactically~*~*~ (outnumbered).
  2915 | D:4      | Reached XP level 7. HP: 63/63 MP: 6/6
  3082 | D:4      | 3082 ||| READING 2 scrolls of identify.
  3082 | D:4      | 3082 ||| IDENTIFYING glowing blue potion
  3108 | D:5      | Entered Level 5 of the Dungeon
  3128 | D:5      | 3128 ||| DRINKING potion of curing.
  3128 | D:5      | 3128 ||| (to cure confusion)
  3134 | D:5      | Reached skill level 8 in Ranged Weapons
  3153 | D:5      | Found a shimmering altar of Xom.
  3315 | D:5      | Found a sparkling altar of Nemelex Xobeh.
  3358 | D:5      | Found a staircase to the Ecumenical Temple.
  3359 | D:5      | 3359 ||| PLANNING TEMPLE
  3517 | Temple   | Entered the Ecumenical Temple
  3519 | Temple   | 3519 ||| PLANNING OKAWARU WORSHIP
  3589 | Temple   | Became a worshipper of Warmaster Okawaru
  3589 | Temple   | 3589 ||| PLANNING D:1-11
  3679 | D:5      | Reached skill level 3 in Dodging
  3735 | D:5      | 3735 ||| Stepping ~*~*~tactically~*~*~ (outnumbered).
  3738 | D:5      | 3738 ||| Stepping ~*~*~tactically~*~*~ (outnumbered).
  4010 | D:6      | 4010 ||| PLANNING SEWER
  4045 | D:6      | Found a shadowy altar of Dithmenos.
  4158 | D:6      | Reached * piety under Okawaru
  4159 | D:6      | Reached skill level 9 in Ranged Weapons
  4159 | D:6      | Reached XP level 8. HP: 47/70 MP: 7/7
  4159 | D:6      | 4159 ||| INVOKING Heroism.
  4242 | D:6      | Found a sand-covered staircase.
  4268 | D:6      | Reached skill level 1 in Invocations
  4353 | D:6      | Found a sacrificial altar of Ru.
  4357 | D:6      | 4357 ||| INVOKING Heroism.
  4373 | D:6      | 4373 ||| INVOKING Heroism.
  4404 | D:6      | 4404 ||| INVOKING Heroism.
  4604 | D:6      | Reached skill level 10 in Ranged Weapons
  4604 | D:6      | Reached skill level 3 in Invocations
  4874 | D:6      | 4874 ||| INVOKING Heroism.
  4937 | D:6      | 4937 ||| RIP SEWER
  4937 | D:6      | 4937 ||| RIP OSSUARY
  4937 | D:6      | 4937 ||| PLANNING D:1-11
  4937 | D:6      | 4937 ||| UPGRADING to +6 ring of dexterity.
  4939 | D:6      | 4939 ||| READING 4 scrolls of identify.
  4939 | D:6      | 4939 ||| IDENTIFYING cyan potion
  4940 | D:6      | 4940 ||| READING 3 scrolls of identify.
  4940 | D:6      | 4940 ||| IDENTIFYING inky potion
  4941 | D:6      | 4941 ||| DRINKING potion of experience.
  4941 | D:6      | Reached skill level 9 in Dodging
  4941 | D:6      | Reached skill level 9 in Invocations
  4941 | D:6      | Reached XP level 9. HP: 75/75 MP: 9/14
  4977 | D:6      | 4977 ||| READING 2 scrolls of identify.
  4977 | D:6      | 4977 ||| IDENTIFYING ruby potion
  4978 | D:6      | 4978 ||| DROPPING potion of attraction.
  4979 | D:6      | 4979 ||| DROPPING potion of ambrosia.
  5013 | D:7      | 5013 ||| STAIRDANCE
  5261 | D:7      | 5261 ||| INVOKING Heroism.
  5577 | D:7      | 5577 ||| INVOKING Heroism.
  5712 | D:7      | Found a burning altar of Makhleb.
  5849 | D:7      | Reached XP level 10. HP: 60/86 MP: 15/15
  6016 | D:7      | Reached ** piety under Okawaru
  6063 | D:7      | Found a radiant altar of Vehumet.
  6133 | D:7      | Reached skill level 11 in Ranged Weapons
  6262 | D:7      | 6262 ||| READING scroll labelled TYBIRAR DOTUA.
  6263 | D:7      | 6263 ||| READING scroll labelled CUUHYU BUTHEC.
  6264 | D:7      | 6264 ||| READING scroll labelled COIMU WATIL.
  6301 | D:8      | 6301 ||| INVOKING Heroism.
  6303 | D:8      | 6303 ||| Stepping ~*~*~tactically~*~*~ (outnumbered).
  6305 | D:8      | 6305 ||| Stepping ~*~*~tactically~*~*~ (outnumbered).
  6309 | D:8      | Reached skill level 3 in Armour
  6579 | D:8      | Noticed a two-headed ogre
  6580 | D:8      | 6580 ||| INVOKING Heroism.
  6593 | D:8      | Killed a two-headed ogre
  6593 | D:8      | Reached *** piety under Okawaru
  7036 | D:8      | 7036 ||| Stepping ~*~*~tactically~*~*~ (outnumbered).
  7038 | D:8      | 7038 ||| Stepping ~*~*~tactically~*~*~ (outnumbered).
  7062 | D:8      | Reached skill level 12 in Ranged Weapons
  7064 | D:8      | 7064 ||| INVOKING Heroism.
  7185 | D:8      | 7185 ||| INVOKING Heroism.
  7442 | D:8      | 7442 ||| READING scroll labelled CUUVVA PAICWU.
  7472 | D:9      | 7472 ||| INVOKING Heroism.
  7520 | D:9      | 7520 ||| STAIRDANCE
  7704 | D:9      | 7704 ||| FLEEEEING.
  7705 | D:9      | 7705 ||| FLEEEEING.
  7706 | D:9      | 7706 ||| FLEEEEING.
  7707 | D:9      | 7707 ||| FLEEEEING.
  7708 | D:9      | 7708 ||| FLEEEEING.
  7709 | D:9      | 7709 ||| FLEEEEING.
  7710 | D:9      | 7710 ||| FLEEEEING.
  7711 | D:9      | 7711 ||| FLEEEEING.
  7727 | D:9      | 7727 ||| INVOKING Heroism.
  7746 | D:9      | Reached **** piety under Okawaru
  7906 | D:9      | 7906 ||| SWAPPING to +0 orcbow.
  7935 | D:9      | 7935 ||| DROPPING +0 shortbow.
  8103 | D:9      | 8103 ||| SWAPPING to +0 arbalest.
  8104 | D:9      | 8104 ||| DROPPING +0 orcbow.
  8130 | D:9      | 8130 ||| INVOKING Heroism.
  8152 | D:9      | Found a transporter.
  8156 | D:9      | Noticed qw's ghost (novice MiHu)
  8160 | D:9      | Noticed a moth of wrath
  8179 | D:9      | Found a transporter.
  8213 | D:9      | Found an ornate altar of the Wu Jian Council.
  8287 | D:9      | 8287 ||| INVOKING Heroism.
  8292 | D:9      | 8292 ||| Stepping ~*~*~tactically~*~*~ (outnumbered).
  8329 | D:9      | Noticed a two-headed ogre
  8337 | D:9      | Killed a two-headed ogre
  8338 | D:9      | Reached XP level 11. HP: 94/94 MP: 15/17
  8361 | D:9      | Found a staircase to the Orcish Mines.
  8618 | D:9      | 8618 ||| READING scroll labelled MAETEFUITO.
  8619 | D:9      | 8619 ||| READING 2 scrolls labelled HIOPLIOLEP.
  8620 | D:9      | 8620 ||| READING 2 scrolls of identify.
  8620 | D:9      | 8620 ||| IDENTIFYING pink potion
  8621 | D:9      | 8621 ||| DROPPING scroll of blinking.
  8622 | D:9      | 8622 ||| DROPPING potion of degeneration.
  8627 | D:10     | Entered Level 10 of the Dungeon
  8637 | D:10     | 8637 ||| Stepping ~*~*~tactically~*~*~ (outnumbered).
  8638 | D:10     | 8638 ||| Stepping ~*~*~tactically~*~*~ (outnumbered).
  8731 | D:10     | Noticed a two-headed ogre
  8732 | D:10     | 8732 ||| INVOKING Heroism.
  8738 | D:10     | Killed a two-headed ogre
  8739 | D:10     | Reached skill level 13 in Ranged Weapons
  8857 | D:10     | Noticed Sonja
  8862 | D:10     | Killed Sonja
  8862 | D:10     | Reached ***** piety under Okawaru
  8890 | D:10     | Noticed Maggie
  8891 | D:10     | 8891 ||| Stepping ~*~*~tactically~*~*~ (outnumbered).
  8894 | D:10     | 8894 ||| Stepping ~*~*~tactically~*~*~ (outnumbered).
  8899 | D:10     | Killed Maggie
  8937 | D:10     | 8937 ||| Stepping ~*~*~tactically~*~*~ (outnumbered).
  8940 | D:10     | 8940 ||| Stepping ~*~*~tactically~*~*~ (outnumbered).
  8960 | D:10     | Found an ancient bone altar of Kikubaaqudgha.
  9201 | D:10     | 9201 ||| UPGRADING to +0 swamp dragon scales.
  9211 | D:10     | 9211 ||| REMOVING ring of poison resistance.
  9212 | D:10     | 9212 ||| DROPPING +0 ring mail.
  9213 | D:10     | 9213 ||| UPGRADING to ring of protection from fire.
  9214 | D:10     | 9214 ||| READING scroll labelled MANLU ZONNACAL.
  9387 | D:11     | Reached skill level 9 in Fighting
  9630 | D:11     | 9630 ||| INVOKING Heroism.
  9651 | D:11     | Received a gift from Okawaru
  9796 | D:11     | 9796 ||| SWAPPING to +3 longbow of draining.
  9797 | D:11     | 9797 ||| DROPPING +0 arbalest of freezing.
  9807 | D:11     | Found a staircase to the Lair.
  9821 | D:11     | 9821 ||| INVOKING Heroism.
  9875 | D:11     | 9875 ||| DRINKING potion of curing.
  9875 | D:11     | 9875 ||| (to cure confusion)
  9890 | D:11     | 9890 ||| FLEEEEING.
  9891 | D:11     | 9891 ||| FLEEEEING.
  9892 | D:11     | 9892 ||| FLEEEEING.
  9893 | D:11     | 9893 ||| FLEEEEING.
  9894 | D:11     | 9894 ||| FLEEEEING.
  9895 | D:11     | 9895 ||| FLEEEEING.
 10016 | D:11     | Reached skill level 14 in Ranged Weapons
 10328 | D:11     | Found a portal to a secret trove of treasure.
 10359 | D:11     | 10359 ||| PLANNING LAIR
 10359 | D:11     | 10359 ||| READING scroll labelled FIWOCE ICHU.
 10388 | Lair:1   | Entered Level 1 of the Lair of Beasts
 10389 | Lair:1   | 10389 ||| INVOKING Heroism.
 10487 | Lair:1   | 10487 ||| INVOKING Heroism.
 10795 | Lair:1   | 10795 ||| INVOKING Heroism.
 10815 | Lair:1   | Received a gift from Okawaru
 10860 | Lair:1   | 10860 ||| INVOKING Heroism.
 10872 | Lair:1   | Reached XP level 12. HP: 106/106 MP: 16/18
 10991 | Lair:1   | Reached skill level 15 in Ranged Weapons
 11051 | Lair:1   | Reached skill level 6 in Armour
 11304 | Lair:1   | 11304 ||| READING 2 scrolls of identify.
 11304 | Lair:1   | 11304 ||| IDENTIFYING white potion
 11354 | Lair:2   | Reached ****** piety under Okawaru
 11354 | Lair:2   | Received a gift from Okawaru
 11491 | Lair:2   | 11491 ||| INVOKING Heroism.
 11507 | Lair:2   | Reached skill level 16 in Ranged Weapons
 11527 | Lair:2   | 11527 ||| FLEEEEING.
 11528 | Lair:2   | 11528 ||| FLEEEEING.
 11529 | Lair:2   | 11529 ||| FLEEEEING.
 11530 | Lair:2   | 11530 ||| FLEEEEING.
 11531 | Lair:2   | 11531 ||| FLEEEEING.
 11536 | Lair:2   | 11536 ||| FLEEEEING.
 11537 | Lair:2   | 11537 ||| FLEEEEING.
 11538 | Lair:2   | 11538 ||| FLEEEEING.
 11539 | Lair:2   | 11539 ||| FLEEEEING.
 11540 | Lair:2   | 11540 ||| FLEEEEING.
 11541 | Lair:2   | 11541 ||| FLEEEEING.
 11542 | Lair:2   | 11542 ||| FLEEEEING.
 11543 | Lair:2   | 11543 ||| FLEEEEING.
 11544 | Lair:2   | 11544 ||| FLEEEEING.
 11545 | Lair:2   | 11545 ||| FLEEEEING.
 11546 | Lair:2   | 11546 ||| FLEEEEING.
 11547 | Lair:2   | 11547 ||| FLEEEEING.
 11548 | Lair:2   | 11548 ||| FLEEEEING.
 11549 | Lair:2   | 11549 ||| STAIRDANCE
 11624 | Lair:2   | 11624 ||| INVOKING Heroism.
 11845 | Lair:2   | Found a staircase to the Shoals.
 12005 | Lair:2   | 12005 ||| INVOKING Heroism.
 12082 | Lair:2   | 12082 ||| INVOKING Heroism.
 12476 | Lair:2   | 12476 ||| INVOKING Heroism.
 12488 | Lair:2   | Reached skill level 17 in Ranged Weapons
 12488 | Lair:2   | Identified the scarf of Giot {rC+ rF+, Str+4 Int+2}
                  | (Okawaru gifted it to you on level 2 of the Lair of Beasts)
 12488 | Lair:2   | Received a gift from Okawaru
 12586 | Lair:2   | Reached XP level 13. HP: 116/116 MP: 19/19
 12960 | Lair:2   | 12960 ||| UPGRADING to scarf of Giot {rC+ rF+, Str+4
                  | Int+2}.
 12965 | Lair:2   | 12965 ||| READING 3 scrolls of identify.
 12965 | Lair:2   | 12965 ||| IDENTIFYING clear potion
 12966 | Lair:2   | 12966 ||| DROPPING potion of enlightenment.
 13032 | Lair:3   | 13032 ||| INVOKING Heroism.
 13098 | Lair:3   | Found a runed translucent gate.
 13098 | Lair:3   | Found a runed translucent gate.
 13098 | Lair:3   | Found a runed translucent gate.
 13113 | Lair:3   | Noticed a minotaur
 13267 | Lair:3   | Identified the ring "Budopheopt" {Wiz Str+2}
 13480 | Lair:3   | 13480 ||| INVOKING Heroism.
 13481 | Lair:3   | 13481 ||| INVOKING Finesse.
 13520 | Lair:3   | 13520 ||| INVOKING Heroism.
 13625 | Lair:3   | Found a staircase to the Snake Pit.
 13661 | Lair:3   | 13661 ||| INVOKING Heroism.
 13662 | Lair:3   | 13662 ||| INVOKING Finesse.
 13669 | Lair:3   | Reached skill level 18 in Ranged Weapons
 13944 | Lair:3   | Noticed qw's ghost (journeyman MiHu)
 14215 | Lair:3   | 14215 ||| DROPPING ring of ice.
 14216 | Lair:3   | 14216 ||| DROPPING +6 ring of intelligence.
 14302 | Lair:4   | 14302 ||| INVOKING Heroism.
 14303 | Lair:4   | 14303 ||| INVOKING Finesse.
 14619 | Lair:4   | 14619 ||| INVOKING Heroism.
 14620 | Lair:4   | 14620 ||| INVOKING Finesse.
 14625 | Lair:4   | Reached skill level 12 in Fighting
 14952 | Lair:5   | Entered Level 5 of the Lair of Beasts
 14953 | Lair:5   | 14953 ||| INVOKING Heroism.
 14973 | Lair:5   | 14973 ||| INVOKING Finesse.
 15099 | Lair:5   | 15099 ||| INVOKING Heroism.
 15187 | Lair:5   | 15187 ||| INVOKING Heroism.
 15379 | Lair:5   | Found a staircase to the Slime Pits.
 15406 | Lair:5   | 15406 ||| INVOKING Heroism.
 15409 | Lair:5   | HP: 29/118 [skyshark (16)]
 15410 | Lair:5   | 15410 ||| READING 7 scrolls of teleportation.
 15411 | Lair:5   | 15411 ||| DRINKING 3 potions of heal wounds.
 15590 | Lair:5   | 15590 ||| INVOKING Heroism.
 15591 | Lair:5   | 15591 ||| INVOKING Finesse.
 15692 | Lair:5   | Received a gift from Okawaru
 15693 | Lair:5   | Reached skill level 19 in Ranged Weapons
 15700 | Lair:5   | 15700 ||| FLEEEEING.
 15701 | Lair:5   | 15701 ||| FLEEEEING.
 15702 | Lair:5   | 15702 ||| FLEEEEING.
 15703 | Lair:5   | 15703 ||| FLEEEEING.
 15706 | Lair:5   | 15706 ||| FLEEEEING.
 15707 | Lair:5   | 15707 ||| FLEEEEING.
 15711 | Lair:5   | 15711 ||| FLEEEEING.
 15712 | Lair:5   | 15712 ||| FLEEEEING.
 15713 | Lair:5   | 15713 ||| FLEEEEING.
 15714 | Lair:5   | 15714 ||| FLEEEEING.
 15715 | Lair:5   | 15715 ||| FLEEEEING.
 15716 | Lair:5   | 15716 ||| FLEEEEING.
 15717 | Lair:5   | 15717 ||| FLEEEEING.
 15718 | Lair:5   | 15718 ||| FLEEEEING.
 15719 | Lair:5   | 15719 ||| FLEEEEING.
 15720 | Lair:5   | 15720 ||| FLEEEEING.
 15721 | Lair:5   | 15721 ||| FLEEEEING.
 15729 | Lair:5   | 15729 ||| FLEEEEING.
 15730 | Lair:5   | 15730 ||| FLEEEEING.
 15731 | Lair:5   | 15731 ||| FLEEEEING.
 15732 | Lair:5   | 15732 ||| FLEEEEING.
 15733 | Lair:5   | 15733 ||| FLEEEEING.
 15836 | Lair:5   | 15836 ||| INVOKING Heroism.
 15882 | Lair:5   | 15882 ||| INVOKING Heroism.
 15900 | Lair:5   | Reached XP level 14. HP: 129/129 MP: 20/20
 16103 | Lair:5   | 16103 ||| INVOKING Heroism.
 16107 | Lair:5   | Received a gift from Okawaru
 16127 | Lair:5   | 16127 ||| INVOKING Finesse.
 16196 | Lair:5   | 16196 ||| INVOKING Heroism.
 16197 | Lair:5   | 16197 ||| INVOKING Finesse.
 16267 | Lair:5   | 16267 ||| INVOKING Heroism.
 16330 | Lair:5   | 16330 ||| INVOKING Heroism.
 16490 | Lair:5   | Identified the ring of Laimuq {Ice MP+9}
 16760 | Lair:5   | 16760 ||| PLANNING D
 16760 | Lair:5   | 16760 ||| DROPPING +2 robe of fire resistance.
 16761 | Lair:5   | 16761 ||| DROPPING ring of Laimuq {Ice MP+9}.
 17201 | D:12     | Found an ancient bone altar of Kikubaaqudgha.
 17257 | D:12     | Reached skill level 20 in Ranged Weapons
 17264 | D:12     | 17264 ||| Stepping randomly (disturbance).
 17338 | D:12     | 17338 ||| DROPPING ring of magical power.
 17339 | D:12     | 17339 ||| UPGRADING to ring of see invisible.
 17341 | D:12     | 17341 ||| READING 9 scrolls of identify.
 17341 | D:12     | 17341 ||| IDENTIFYING murky ruby potion
 17350 | D:13     | 17350 ||| STAIRDANCE
 17392 | D:13     | 17392 ||| INVOKING Heroism.
 17393 | D:13     | 17393 ||| INVOKING Finesse.
 17395 | D:13     | Noticed Nessos
 17408 | D:13     | Killed Nessos
 17466 | D:13     | 17466 ||| DROPPING +0 arbalest of flaming.
 17469 | D:13     | Found an opulent altar of Gozag.
 17557 | D:13     | Noticed Rupert
 17558 | D:13     | 17558 ||| INVOKING Heroism.
 17567 | D:13     | Killed Rupert
 17716 | D:13     | 17716 ||| INVOKING Heroism.
 17928 | D:13     | 17928 ||| READING scroll of brand weapon.
 17928 | D:13     | 17928 ||| BRANDING +4 longbow of draining.
 18087 | D:13     | 18087 ||| READING scroll labelled CUET QASUWKYN.
 18116 | D:14     | 18116 ||| STAIRDANCE
 18120 | D:13     | 18120 ||| INVOKING Heroism.
 18223 | D:14     | 18223 ||| STAIRDANCE
 18225 | D:13     | 18225 ||| INVOKING Heroism.
 18228 | D:13     | HP: 32/132 [cyan ugly thing (8)]
 18229 | D:13     | 18229 ||| READING 6 scrolls of teleportation.
 18229 | D:13     | HP: 9/132 [cyan ugly thing (11)]
 18229 | D:13     | Slain by a cyan ugly thing

Levels and vault maps discovered:
D:1:      spicycebolla_arrival_ecumenical, layout_rooms, due_unseen_surprise
D:2:      layout_basic
D:3:      layout_basic, mainiacjoe_overflow_alcove_4, minmay_misc_feat_tiny,
          minmay_misc_feat_diagonals, uniq_natasha, uniq_grinder
D:4:      layout_rooms, corexii_item_surrounded_by_moat, sigmund_army
D:5:      layout_cave_pools, mainiacjoe_overflow_cross_hatched,
          xom_teletrap_fun, minmay_temple_entry_proselytizer
D:6:      layout_rooms, nicolae_dithmenos_the_darkroom, lemuel_tele_altar,
          nicolae_ossuary_entry_plus, portal_sewer_entry_d
D:7:      layout_cave_pods, mainiacjoe_overflow_alcove_2,
          mainiacjoe_overflow_small_starburst, corexii_corridor_pit,
          grunt_ministairs_3, nrook_loot_triangle
D:8:      layout_loops_ring
D:9:      layout_gridville, kennysheep_little_box, hiddenorc1_lemuel,
          gammafunk_ghost_berserking_beasts
D:10:     layout_gridville, mainiacjoe_overflow_tiny_flanked, uniq_sonja,
          uniq_maggie
D:11:     layout_long_grid, hellmonk_lair_entry_icy, enter_trove_2,
          hangedman_tell_no_tales
D:12:     layout_gridville, nicolae_concentric_dashed_squares_mild,
          kiku_gazebo_garden_becter
D:13:     layout_rooms, serial_bayou, serial_bayou_shore_b,
          serial_bayou_shore_b, serial_bayou_crossing, serial_bayou_pond_e,
          nicolae_gozag_seed_capital, uniq_rupert, uniq_nessos
D:14:     layout_small_grid, david_vaults_5, uniq_jorgrun, uniq_azrael
Temple:   nicolae_temple_god_jail
Lair:1:   layout_chaotic_city, nicolae_lair_grove_arrangements, wad_woods_06,
          infiniplex_staircase_pool
Lair:2:   statuecave_lemuel, layout_cave_pods, minmay_shoals_entry_beasts,
          beast_lair_carwin_5, serial_bayou_shore_b, grunt_megastairs_3,
          infiniplex_staircase_pool_2
Lair:3:   layout_cave_pods, minmay_snake_entry_guardpost_small,
          maelrawn_ghost_gauntlet_escape, serial_rivers,
          chequers_serial_rivers_large_a, chequers_serial_rivers_micro_b,
          chequers_serial_rivers_micro_a, chequers_serial_rivers_small_3,
          serial_bayou_shore_b
Lair:4:   layout_loops_ring
Lair:5:   minmay_lair_end_enchanted_forest, layout_gridlike,
          nicolae_slime_entry_slimehenge, grunt_megastairs_1, lemuel_fruit_tree

Skill      XL: |  1  2  3  4  5  6  7  8  9 10 11 12 13 14 |
---------------+-------------------------------------------+-----
Ranged Weapons | 5 6 7 9 10 12 14 17 19 20 | 20.0
Fighting       | 3 6 7 8 10 11 13 14 | 14.0
Armour         | 1 2 3 5 6 7 8 |  8.2
Dodging        | 3 9 10 11 | 11.3
Invocations    | 9 10 | 10.0
Stealth        | |  0.7

Action                     |  1- 3 |  4- 6 |  7- 9 | 10-12 | 13-15 || total
---------------------------+-------+-------+-------+-------+-------++-------
   Fire: Shortbow          |   147 |   164 |   307 |   246 |       ||   864
         Arbalest          |       |       |       |   166 |       ||   166
         Orcbow            |       |       |       |    18 |       ||    18
         Longbow           |       |       |       |   271 |   614 ||   885
 Invoke: Heroism           |       |       |     7 |    20 |    22 ||    49
         Finesse           |       |       |       |       |     9 ||     9
    Use: Scroll            |     5 |     4 |     4 |    10 |     6 ||    29
         Potion            |     1 |     2 |     2 |     1 |     1 ||     7
 Armour: Leather armour    |     9 |       |       |       |       ||     9
         Ring mail         |     8 |    20 |    46 |    27 |       ||   101
         Swamp dragon scal |       |       |       |    50 |    60 ||   110
  Dodge: Dodged            |    44 |    66 |   103 |   412 |   269 ||   894

Table legend:
 A = Non-vault XP
 B = Vault XP
 C = Vault XP percentage of total XP
 D = Non-vault monster count
 E = Vault monster count
 F = Vault count percentage of total count
                 A         B        C        D         E       F
            +---------+---------+-------+---------+---------+-------
      Total |   69354 |   20276 |  22.6 |     430 |     125 |  22.5
            +---------+---------+-------+---------+---------+-------
        D:1 |      60 |       0 |   0.0 |      34 |       0 |   0.0
        D:2 |      20 |       0 |   0.0 |      14 |       0 |   0.0
        D:3 |     137 |     293 |  68.1 |      15 |       2 |  11.8
        D:4 |     288 |      12 |   4.0 |      18 |       6 |  25.0
        D:5 |     359 |      43 |  10.7 |      15 |       1 |   6.2
        D:6 |    1018 |      13 |   1.3 |      14 |       1 |   6.7
        D:7 |    1371 |     133 |   8.8 |      27 |       4 |  12.9
        D:8 |    2477 |       0 |   0.0 |      27 |       0 |   0.0
        D:9 |    3088 |     217 |   6.6 |      28 |      17 |  37.8
       D:10 |    1488 |    1128 |  43.1 |      28 |       2 |   6.7
       D:11 |    2163 |    2132 |  49.6 |      13 |      16 |  55.2
       D:12 |    4951 |       0 |   0.0 |      22 |       0 |   0.0
       D:13 |    7671 |    2876 |  27.3 |      18 |       2 |  10.0
     Lair:1 |    6924 |       0 |   0.0 |      31 |       0 |   0.0
     Lair:2 |   10316 |    2363 |  18.6 |      36 |      11 |  23.4
     Lair:3 |    7880 |     636 |   7.5 |      30 |       4 |  11.8
     Lair:4 |    3195 |       0 |   0.0 |       9 |       0 |   0.0
     Lair:5 |   15948 |   10430 |  39.5 |      51 |      59 |  53.6
            +---------+---------+-------+---------+---------+-------
